 Dungeon Crawl Stone Soup version 0.27-a0-1065-ge809cff456 (webtiles) character file.

Game seed: 15155034243453763599

182 robertstho the Chucker (level 5, -1/49 HPs)
             Began as a Troll Hunter on Apr 23, 2021.
             Slain by a kobold
             ... wielding a +0 short sword
              (3 damage)
             ... on level 3 of the Dungeon.
             The game lasted 00:03:09 (1293 turns).

robertstho the Chucker (Troll Hunter)               Turns: 1293, Time: 00:03:10

Health: -1/49      AC:  4    Str: 21    XL:     5   Next: 34%
Magic:  4/4        EV: 10    Int:  7    God:
Gold:   156        SH:  0    Dex: 10    Spells: 4/4 levels left

rFire    . . .     SeeInvis .     - Unarmed
rCold    . . .     Faith    .   (no shield)
rNeg     . . .     Spirit   .   b - +0 robe
rPois    .         Reflect  .   (helmet restricted)
rElec    .         Harm     .   (no cloak)
rCorr    .         Rampage  .   (gloves unavailable)
Will     .....     Clarity  +   (boots unavailable)
Stlth    +.........             (no amulet)
HPRegen  1.16/turn              (no ring)
MPRegen  0.09/turn              (no ring)

@: brilliant, lethally poisoned (-1 -> -1), very slightly contaminated,
invisible
A: large, unfitting armour, claws 3, regeneration 1, shaggy fur 1, tough skin 1,
horns 1, talons 1, clarity
a: no special abilities


You were on level 3 of the Dungeon.
You visited 1 branch of the dungeon, and saw 3 of its levels.

You collected 156 gold pieces.

Inventory:

Missiles
 l - 5 large rocks (quivered)
Armour
 b - a +0 robe (worn)
Wands
 c - a wand of flame (19)
Scrolls
 h - 2 scrolls of identify {unknown}
 j - a scroll of amnesia {unknown}
 k - 2 scrolls of teleportation {unknown}
Potions
 a - a potion of heal wounds {unknown}
 d - a potion of haste {unknown}
 e - a potion of invisibility
 f - a potion of brilliance
 g - 2 potions of mutation
 i - a potion of cancellation {unknown}


   Skills:
 * Level 2.0 Fighting
 * Level 4.5 Throwing
 + Level 2.3 Dodging
 - Level 0.3 Stealth
 * Level 3.1 Unarmed Combat


You had 4 spell levels left.
You didn't know any spells.
Your spell library was empty.

Dungeon Overview and Level Annotations

Branches:
Dungeon (3/15)

Altars:


Innate Abilities, Weirdness & Mutations

You are too large for most types of armour.
You have claws for hands.
Your natural rate of healing is unusually fast.
You are covered in fur. (AC +1)
You have tough skin. (AC +1)
You have a pair of small horns on your head.
You have sharp toenails.
You possess an exceptional clarity of mind.


Message History

Things that are here:
a +0 dagger; a ball python corpse You claw the endoplasm!
You kill the endoplasm!
You feel very sick.
You feel very sick. The gnoll hits you with a +0 flail.
The kobold throws a poisoned dart.
The poisoned dart closely misses you.
You closely miss the gnoll.
You feel sick. The gnoll hits you with a +0 flail.
The kobold throws a poisoned dart.
The poisoned dart hits you!
You are more poisoned.
You closely miss the gnoll.
You feel very sick. The gnoll hits you with a +0 flail!
A gnoll comes into view. It is wielding a +0 whip.
You are too injured to fight recklessly!
You are too injured to fight recklessly!
You are too injured to fight recklessly!
Unknown command.
You feel very sick.
The gnoll shouts!
The gnoll barely misses you.
You feel very sick. The gnoll hits you with a +0 flail!
* * * LOW HITPOINT WARNING * * *
You feel sick.
It was a potion of invisibility.
You fade into invisibility!
You feel sick. The gnoll barely misses you.
You are very lightly contaminated with residual magic.
Okay, then.
It was a potion of mutation.
You feel extremely strange.
Your thoughts seem clearer.
A pair of horns grows on your head!
Your toenails lengthen and sharpen.
You feel sick. The gnoll closely misses you.
It was a potion of brilliance.
You feel clever all of a sudden.
You feel sick. The gnoll closely misses you.
The kobold hits you with a +0 short sword.
You die...

#.# #..#...##
..#.######.....##
#..#.#............ ...
#.##.......##...#. ....
###.##...# ## #.....
....#####.<......### #....#
...........##......# #....#
..........K#......># ####.#
.........gg@.#.....# ####.#
..........#####....####....#
.......)..# #....>.......#
..........# #....####....#
####......# #....# #....#
#......# #....# ######
######## #....# #....#
######


You could see 2 gnolls and a kobold.

Vanquished Creatures
  A wyvern skeleton (D:3)
  6 gnolls
  An adder (D:3)
  An orc (D:3)
  7 bats
  9 endoplasms
  3 giant cockroaches
  6 goblins
  3 hobgoblins
  3 jackals (D:1)
  3 quokkas (D:1)
  4 ball pythons
  6 frilled lizards
  7 kobolds
  3 rats (D:1)
63 creatures vanquished.

Vanquished Creatures (others)
  3 plants (D:1)
3 creatures vanquished.

Grand Total: 66 creatures vanquished

Notes
Turn   | Place    | Note
-------+----------+-------------------------------------------
     0 | D:1      | robertstho the Troll Hunter began the quest for the Orb.
     0 | D:1      | Reached XP level 1. HP: 19/19 MP: 0/0
    83 | D:1      | Reached skill level 4 in Throwing
   112 | D:1      | Reached XP level 2. HP: 27/27 MP: 1/1
   406 | D:1      | Reached XP level 3. HP: 31/35 MP: 2/2
   604 | D:2      | Reached skill level 1 in Unarmed Combat
   771 | D:2      | Found a faded altar of an unknown god.
   981 | D:3      | Reached XP level 4. HP: 42/42 MP: 3/3
  1056 | D:3      | Reached XP level 5. HP: 23/49 MP: 4/4
  1292 | D:3      | Gained mutation: You possess an exceptional clarity of
                  | mind. [potion of mutation]
  1292 | D:3      | Gained mutation: You have a pair of small horns on your
                  | head. [potion of mutation]
  1292 | D:3      | Gained mutation: You have sharp toenails. [potion of
                  | mutation]
  1293 | D:3      | HP: 2/49 [poisoned by a kobold]
  1293 | D:3      | Slain by a kobold

Illustrated notes

Levels and vault maps discovered:
D:1:      zaba_arrival_water, layout_rooms, minmay_misc_feat_rugged,
          solitary_fountain, serial_bayou_pond_a
D:2:      layout_rooms, shapermc_ecumenical_altar_notcrosses
D:3:      layout_rooms, hex_medium, minmay_fractal_squares_5

Skill      XL: |  1  2  3  4 |
---------------+-------------+-----
Throwing       | 4 |  4.5
Unarmed Combat | 1 3 |  3.1
Dodging        | 2 |  2.3
Fighting       | 2 |  2.0
Stealth        | |  0.3

Action                   |  1- 3 |  4- 6 || total
-------------------------+-------+-------++-------
Melee: Unarmed           |   124 |    58 ||   182
       Short sword       |     2 |       ||     2
Throw: Large rock        |     1 |     4 ||     5
       Throwing net      |       |     2 ||     2
  Use: Potion            |       |     3 ||     3
Armor: Robe              |    58 |    47 ||   105
Dodge: Dodged            |    84 |    73 ||   157

Table legend: (Time is in decaauts)
 A = Elapsed time spent in this place.
 B = Non-inter-level travel time spent in this place.
 C = Inter-level travel time spent in this place.
 D = Time resting spent in this place.
 E = Time spent auto-exploring this place.
 F = Levels seen in this place.
 G = Mean time per level.
                   A        B        C        D        E       F      G
               +--------+--------+--------+--------+--------+-----+--------+
         Total |   1299 |   1274 |     25 |      0 |    802 |   3 |  433.0 |
       Dungeon |   1299 |   1274 |     25 |      0 |    802 |   3 |  433.0 |
               +--------+--------+--------+--------+--------+-----+--------+

Top non-repeatable levels by time:
     D:1: 552 daAuts
     D:2: 430 daAuts
     D:3: 315 daAuts
